 Dungeon Crawl Stone Soup version 0.30.0-29-ga12c61a403 (webtiles) character file.

Game seed: 5479256253514626982

7 ChadusMaximus the Caller (level 2, -1/19 HPs)
             Began as a Barachi Summoner on June 24, 2023.
             Slain by a jackal (3 damage)
             ... on level 1 of the Dungeon.
             The game lasted 00:00:38 (69 turns).

ChadusMaximus the Caller (Barachi Summoner)           Turns: 69, Time: 00:00:39

Health: -1/19      AC:  2    Str:  9    XL:     2   Next: 0%
Magic:  0/5        EV: 12    Int: 15    God:
Gold:   0          SH:  0    Dex: 12    Spells: 4/5 levels left

rFire   . . .        (no weapon)
rCold   . . .        (no shield)
rNeg    . . .        a - +0 robe
rPois   .            (no helmet)
rElec   .            (no cloak)
rCorr   .            (no gloves)
SInv    .            (no boots)
Will    .....        (no amulet)
Stlth   ++           (no ring)
HPRegen 0.23/turn    (no ring)
MPRegen 0.09/turn

%: no passive effects
@: unable to hop, slow
A: amphibious, slowness 1, strong legs 1, +LOS
a: Hop


You were on level 1 of the Dungeon.
You visited 1 branch of the dungeon, and saw 1 of its levels.

Inventory:

Armour
 a - a +0 robe (worn)
Potions
 b - a potion of magic


   Skills:
 - Level 2.4 Dodging
 - Level 2.0 Stealth
 + Level 2.3 Spellcasting
 * Level 4.9 Summonings


You had 4 spell levels left.
You knew the following spells:

 Your Spells              Type           Power      Damage    Failure   Level
a - Summon Small Mammal   Summ           64%        N/A       2%          1

Your spell library contained the following spells:

 Spells                   Type           Power      Damage    Failure   Level
 Call Imp                 Summ           32%        N/A       4%          2
 Call Canine Familiar     Summ           16%        N/A       9%          3
 Summon Guardian Golem    Hex/Summ       9%         N/A       24%         3
 Summon Lightning Spire   Summ/Air       9%         N/A       61%         4


Dungeon Overview and Level Annotations

Branches:
Dungeon (1/15)

Altars:


Innate Abilities, Weirdness & Mutations

You are amphibious.
You cover ground slowly.
You can hop short distances.
You have an extended range of vision and can be seen from far away.


Message History

The bat barely misses your bat. The jackal closely misses your bat.
Your bat hits the jackal. The bat attacks as you move away!
The bat closely misses you. The bat closely misses your quokka.
Your bat closely misses the bat.
The bat hits your quokka but does no damage.
The bat hits you but does no damage. The quokka bites you.
The bat hits you but does no damage.
Your bat hits the bat but does no damage.
The bat hits your bat.
Your bat dies!
Your bat's corpse disappears in a puff of smoke!
Your quokka bites the bat.
The bat hits you but does no damage. The bat barely misses your quokka.
The quokka barely misses you.
Your quokka bites the bat.
The bat dies!
The bat closely misses you.
Your Stealth skill increases to level 2!
You have reached level 2!
Casting: Summon Small Mammal (safe; 2% risk of failure)
Confirm with . or Enter, or press ? or * to list all spells.
The bat barely misses you. The quokka bites you.
* * * LOW HITPOINT WARNING * * *
Something barely misses your quokka. The jackal attacks as you move away!
The jackal barely misses you. The quokka attacks as you move away!
The quokka barely misses you.
Your rat bites the quokka.
The jackal barely misses you. The quokka misses you.
The jackal attacks as you move away! The jackal bites you.
* * * LOW HITPOINT WARNING * * *
The bat hits your rat. The jackal attacks as you move away!
The jackal bites you but does no damage.
The bat barely misses your rat. The bat closely misses your rat.
The bat hits your rat.
Your rat dies!
Your rat's corpse disappears in a puff of smoke!
Your quokka bites the endoplasm.
The endoplasm closely misses your quokka.
Something bites your quokka but does no damage.
The jackal bites you.
You die...

##. ################
##..##.#..#.....#..#.
#....#!......#..#..#.
#.>....r...........†r
#...br.#..#..#.....#.
#..§J#$#.J#..#.....#.
#.#..#.#...l.#..<....
# #rh################
#.@# #..........
....######## ####..
###


You could see an endoplasm (distracted), a quokka (ally target), a jackal, a bat
and a friendly quokka (summoned).

Vanquished Creatures
  A rat (D:1)
1 creature vanquished.

Vanquished Creatures (collateral kills)
  A bat (D:1)
  An endoplasm (D:1)
  2 jackals (D:1)
  A rat (D:1)
5 creatures vanquished.

Grand Total: 6 creatures vanquished

Notes
Turn   | Place    | Note
-------+----------+-------------------------------------------
     0 | D:1      | ChadusMaximus the Barachi Summoner began the quest for the
                  | Orb.
     0 | D:1      | Reached XP level 1. HP: 13/13 MP: 3/3
    66 | D:1      | Reached XP level 2. HP: 7/19 MP: 1/5
    69 | D:1      | Slain by a jackal

Illustrated notes

Levels and vault maps discovered:
D:1:      dpeg_arrival_ternary, layout_basic, nicolae_ecumenical_lake_church,
          minmay_misc_feat_plants, minmay_hexomino_r4

Skill      XL: |  1 |
---------------+----+-----
Stealth        | 2 |  2.0
Dodging        | |  2.4
Spellcasting   | |  2.3
Summonings     | |  4.9

Action                     || total
---------------------------++-------
  Melee: Unarmed           ||     9
   Cast: Summon Small Mamm ||     7
Ability: Hop               ||     1
 Armour: Robe              ||    17
  Dodge: Dodged            ||    46
